 Dungeon Crawl Stone Soup version 0.28.0-53-g5a82cb258f (webtiles) character file.

Game seed: 5722104349045404606

5 SanguineChosen the Cudgeller (level 1, -1/23 HPs)
             Began as a Gnoll Cinder Acolyte on June 4, 2022.
             Was a High Priest of Ignis.
             Slain by a gnoll
             ... wielding a +0 spear
              (8 damage)
             ... on level 1 of the Dungeon.
             The game lasted 00:01:33 (177 turns).

SanguineChosen the Cudgeller (Gnoll Cinder Acolyte)  Turns: 177, Time: 00:01:33

Health: -1/23      AC:  2    Str: 13    XL:     1   Next: 80%
Magic:  4/4        EV: 11    Int: 13    God:    Ignis [*****.]
Gold:   14         SH:  0    Dex:  7    Spells: 5/5 levels left

rFire   + . .      SeeInvis .   a - -1 mace (flame)
rCold   . . .      Faith    .   (no shield)
rNeg    . . .      Spirit   .   b - +0 robe
rPois   .          Reflect  .   (no helmet)
rElec   .          Harm     .   (no cloak)
rCorr   .          Rampage  .   (no gloves)
Will    .....                   (no boots)
Stlth   +.........              (no amulet)
HPRegen 0.07/turn               (no ring)
MPRegen 0.09/turn               (no ring)

@: no status effects
A: fangs 1, strong nose, distributed training
a: Renounce Religion, Fiery Armour, Foxfire Swarm, Rising Flame


You were on level 1 of the Dungeon.
You worshipped Ignis.
Ignis was extremely pleased with you.
You visited 1 branch of the dungeon, and saw 1 of its levels.

You collected 14 gold pieces.

Inventory:

Hand Weapons
 a - a -1 mace of flaming (weapon)
Armour
 b - a +0 robe (worn)
Scrolls
 d - a scroll of amnesia


   Skills:
 + Level 6.4 Fighting
 + Level 0.1 Short Blades
 + Level 0.1 Long Blades
 + Level 0.1 Axes
 + Level 6.4 Maces & Flails
 + Level 0.1 Polearms
 + Level 0.1 Staves
 + Level 0.1 Slings
 + Level 0.1 Bows
 + Level 0.1 Crossbows
 + Level 0.1 Throwing
 + Level 0.1 Armour
 + Level 0.1 Dodging
 + Level 0.1 Stealth
 + Level 0.1 Shields
 + Level 0.1 Unarmed Combat
 + Level 2.6 Spellcasting
 + Level 0.1 Conjurations
 + Level 0.1 Hexes
 + Level 0.1 Summonings
 + Level 0.1 Necromancy
 + Level 0.1 Translocations
 + Level 0.1 Transmutations
 + Level 5.3 Fire Magic
 + Level 0.1 Ice Magic
 + Level 0.1 Air Magic
 + Level 0.1 Earth Magic
 + Level 0.1 Poison Magic
 + Level 0.2 Invocations
 + Level 0.1 Evocations


You had 5 spell levels left.
You didn't know any spells.
Your spell library contained the following spells:

 Spells                   Type           Power      Damage    Failure   Level
 Scorch                   Fire           30%        2d7       4%          2


Dungeon Overview and Level Annotations

Branches:
Dungeon (1/15)

Altars:


Innate Abilities, Weirdness & Mutations

You have very sharp teeth.
Your uncanny sense of smell can sniff out nearby items.
Your experience applies equally to all skills.


Message History

The frilled lizard bites you.
You hit the frilled lizard. You burn the frilled lizard.
You kill the frilled lizard!
You see here a frilled lizard corpse.
A hobgoblin comes into view.
The hobgoblin shouts!
A ball python comes into view.
A frilled lizard comes into view.
A gnoll comes into view. It is wielding a +0 spear.
The gnoll shouts!
You hear an angry hiss.
A giant cockroach comes into view.
Found 22 stones.
A kobold comes into view. It is wielding a +0 dagger.
The kobold shouts!
A hobgoblin comes into view.
The kobold throws a stone.
The stone hits you.
The kobold throws a stone.
The stone closely misses you.
You don't know any spells.
Okay, then.
The frilled lizard completely misses you.
You hit the frilled lizard. You burn the frilled lizard.
You kill the frilled lizard!
The gnoll misses you.
The kobold throws a stone.
The stone closely misses you. The gnoll barely misses you.
You see here a frilled lizard corpse.
You hit the gnoll but do no damage. The gnoll hits you with a +0 spear.
You hit the hobgoblin. You burn the hobgoblin.
The hobgoblin is moderately wounded.
The gnoll hits you with a +0 spear. The hobgoblin closely misses you.
You thump the hobgoblin! You burn the hobgoblin.
You kill the hobgoblin!
The gnoll barely misses you. The gnoll hits you with a +0 spear.
You closely miss the kobold. The kobold hits you with a +0 dagger.
The gnoll hits you with a +0 spear.
As you read the scroll labelled CUHOWIOCYE, it crumbles to dust.
It is a scroll of identify.
d - a scroll of amnesia The kobold hits you but does no damage.
The gnoll barely misses you.
You miss the kobold. Your punch misses the kobold.
The kobold hits you with a +0 dagger. The gnoll hits you with a +0 spear!
You die...

## .... .######
...###### ......##
g#.......
#####..########...#.....
...............##.......
.#######.#####......g...
.## #.......Sg# ..#
#########g# ∆ #.######
#@# .......# #K##
.†.....# #..# .......#
##........ ########
#........ #...(....
##....... .......
.......


You could see a gnoll, a hobgoblin, a ball python and a kobold.

Vanquished Creatures
  2 hobgoblins (D:1)
  4 frilled lizards (D:1)
6 creatures vanquished.

Notes
Turn   | Place    | Note
-------+----------+-------------------------------------------
     0 | D:1      | SanguineChosen the Gnoll Cinder Acolyte began the quest for
                  | the Orb.
     0 | D:1      | Reached XP level 1. HP: 23/23 MP: 4/4
   177 | D:1      | Slain by a gnoll

Illustrated notes

Levels and vault maps discovered:
D:1:      enne_arrival_octagon_isle, layout_rooms

Action                   || total
-------------------------++-------
Melee: Mace              ||    12
  Use: Scroll            ||     1
Armor: Robe              ||     1
Dodge: Dodged            ||    12
